Map: Dusk Towers

Players

LilDicky

  • Race: Terran Terran
  • League: Diamond

HIPHOPPOP - Winner!

  • Race: Zerg Zerg
  • League: Diamond

VOD

http://www.twitch.tv/tumescentpie

Description

Time

  • Played on: Nov. 24, 2015, 1:59 p.m.
  • Length: 17:22
Show
View Real Time Build Order
Export as new Build Order

LilDicky Terran 

Build Orders: Command Center First (CC) 

Get SALT Encoding   

  12  0:03  SCV  
  13  0:15  SCV  
  13  0:19  Supply Depot  
  14  0:27  SCV  
  15  0:41  SCV  
  16  0:53  SCV  
  17  1:03  Command Center  
  17  1:05  SCV  
  18  1:15  Barracks  
  18  1:18  SCV  
  19  1:30  SCV  
  20  1:44  SCV  
  21  1:57  Command Center  
  21  1:59  SCV  
  22  2:02  Marine  
  22  2:03  Supply Depot  
  23  2:12  Orbital Command  
  23  2:20  Marine  
  25  2:23  Orbital Command  
  24  2:33  Refinery  
  24  2:34  Refinery  
  24  2:44  SCV  
  25  2:46  Marine  
  26  2:56  SCV x2  
  28  3:04  Marine  
  29  3:08  SCV, Orbital Command  
  30  3:14  SCV  
  30  3:15  Refinery  
  30  3:17  Refinery  
  31  3:21  Factory  
  32  3:27  SCV x2  
  32  3:30  Barracks Reactor  
  33  3:34  SCV  
  33  3:39  SCV x2  
  36  3:46  SCV  
  37  3:51  SCV  
  37  3:52  SCV  
  39  3:58  SCV  
  40  4:03  SCV  
  40  4:04  SCV  
  40  4:07  Starport  
  42  4:10  SCV  
  42  4:15  SCV, Barracks Tech Lab  
  42  4:16  SCV, Hellion  
  42  4:17  Hellion  
  49  4:19  Orbital Command  
  49  4:24  Command Center  
  49  4:35  SCV  
  49  4:36  SCV  
  51  4:43  Bunker  
  51  4:46  Hellion x2  
  51  4:47  Bunker  
  51  4:50  SCV x2  
  51  4:51  SCV  
  58  5:00  Banshee, Cloaking Field  
  58  5:05  Barracks Reactor  
  61  5:11  Barracks  
  61  5:15  Starport  
  61  5:18  Starport  
  61  5:20  Supply Depot x2  
  61  5:22  Engineering Bay  
  61  5:24  Supply Depot  
  61  5:35  SCV x3, Hellion x2  
  68  5:43  Banshee  
  68  5:47  SCV x3  
  68  5:57  Hellion x2  
  68  5:58  Marine  
  68  5:59  SCV  
  68  6:00  SCV  
  68  6:01  Supply Depot  
  68  6:02  Marine  
  76  6:08  Liberator  
  76  6:15  Supply Depot  
  76  6:18  Starport Reactor  
  76  6:20  Starport Reactor  
  63  6:44  Marine  
  63  6:46  Hellion  
  63  6:47  Hellion  
  66  6:49  Liberator x4  
  66  6:58  SCV x2  
  68  7:03  Marine  
  81  7:11  Liberator  
  81  7:12  SCV  
  85  7:30  SCV x2, Refinery  
  85  7:31  Refinery  
  87  7:39  SCV  
  87  7:42  SCV x2  
  90  7:48  Orbital Command  
  90  7:51  SCV  
  91  7:52  Liberator x3  
  91  7:53  Liberator  
  91  7:54  SCV x2, Liberator  
  93  8:11  SCV x3, Marine  
  112  8:13  Hellion x2  
  112  8:14  SCV  
  117  8:21  Missile Turret  
  117  8:23  Refinery  
  117  8:25  Refinery  
  117  8:26  Factory  
  117  8:27  Factory  
  117  8:28  SCV  
  117  8:29  SCV, Factory, Armory  
  117  8:30  Armory  
  117  8:33  Command Center  
  120  8:34  SCV x2  
  113  8:48  SCV  
  113  8:51  Hellion x2  
  113  8:52  SCV x3  
  120  8:59  Missile Turret  
  120  9:00  SCV  
  121  9:03  Supply Depot  
  121  9:04  Supply Depot  
  121  9:08  SCV x3  
  121  9:09  Command Center  
  124  9:11  Banshee  
  124  9:12  SCV, Hellion, Factory Reactor  
  124  9:13  Factory Tech Lab, Factory Reactor  
  132  9:17  Hellion  
  132  9:18  Terran Vehicle And Ship Armor Level 1, Terran Vehicle Weapons Level 1  
  132  9:25  SCV x3, Armory  
  132  9:26  Supply Depot, Liberator x2  
  132  9:28  Liberator  
  135  9:34  Hellion  
  135  9:37  SCV, Missile Turret  
  135  9:38  Hellion, Missile Turret  
  140  9:39  Missile Turret x3  
  140  9:44  Liberator  
  140  9:45  Hellion  
  151  9:46  Missile Turret, Infernal Pre-Igniter  
  151  9:49  SCV  
  151  9:50  Missile Turret  
  151  9:51  Orbital Command  
  151  9:52  Supply Depot  
  152  9:55  Hellion  
  152  9:59  Banshee  
  156  10:00  Supply Depot x2, Hellion  
  156  10:01  SCV, Supply Depot  
  156  10:02  Hellion  
  156  10:03  Hellion x3  
  171  10:09  Liberator  
  171  10:12  Supply Depot  
  171  10:13  Supply Depot  
  174  10:14  SCV, Hellion  
  174  10:15  Supply Depot  
  174  10:17  Hellion, Terran Ship Weapons Level 1  
  174  10:19  Missile Turret  
  176  10:23  Missile Turret  
  176  10:26  Missile Turret  
  134  11:04  Banshee  
  134  11:05  Viking x2  
  134  11:06  Viking  
  134  11:07  Hellion x3  
  134  11:08  Hellion x3  
  134  11:09  Viking  
  157  11:11  Command Center  
  157  11:12  SCV  
  157  11:16  Starport  
  157  11:17  Starport  
  158  11:18  Drilling Claws  
  158  11:21  Terran Vehicle Weapons Level 2, Terran Vehicle And Ship Armor Level 2  
  148  11:37  Liberator x4  
  148  11:40  Hellion x3  
  148  11:41  Hellion x3  
  160  11:47  Banshee  
  136  12:11  Hellion x3  
  136  12:12  Hellion  
  136  12:14  Starport Tech Lab x2  
  134  12:24  Liberator x3  
  134  12:25  Supply Depot  
  134  12:27  Planetary Fortress  
  126  12:35  Banshee  
  129  12:39  Banshee  
  135  13:03  Hellion  
  135  13:04  Hellion x6  
  135  13:05  Banshee  
  146  13:12  Orbital Command  
  146  13:15  SCV x4  
  146  13:18  Banshee  
  153  13:25  Liberator x2  
  153  13:26  Liberator x2  
  149  13:31  Liberator  
  134  13:39  Command Center  
  134  13:40  Raven  
  128  13:44  Liberator  
  142  13:49  SCV x2  
  144  13:57  SCV  
  140  14:23  Banshee  
  134  14:30  Banshee  
  123  14:35  Hellion x6  
  123  14:36  Hellion  
  137  14:44  Banshee  
  131  14:53  Terran Ship Weapons Level 2  
  131  14:57  Refinery  
  131  15:05  Missile Turret  
  131  15:06  Banshee  
  83  15:32  Viking x2  
  83  15:34  Viking x4  
  86  16:04  SCV  
  86  16:11  Orbital Command  
  87  16:17  SCV  
  88  16:21  Banshee x2  
  88  16:22  Banshee  
  97  16:44  Fusion Core  
Show
View Real Time Build Order
Export as new Build Order

HIPHOPPOP Zerg - Winner!

Build Orders: Hatch First, Lurkers 

Get SALT Encoding   

  12  0:01  Drone  
  13  0:09  Drone  
  14  0:22  Extractor  
  14  0:23  Drone  
  14  0:25  Overlord  
  14  0:30  Drone, Extractor  
  15  0:47  Drone x2  
  17  0:55  Drone  
  18  1:10  Hatchery  
  17  1:14  Evolution Chamber  
  17  1:17  Drone  
  17  1:20  Drone  
  18  1:27  Drone  
  19  1:38  Drone  
  20  1:41  Zerg Missile Weapons Level 1  
  20  1:53  Drone, Spawning Pool  
  20  2:02  Drone  
  21  2:10  Overlord  
  21  2:22  Drone x2  
  23  2:32  Overlord  
  23  2:34  Drone  
  24  2:40  Lair  
  24  2:44  Roach Warren  
  24  2:46  Overlord  
  24  2:49  Overlord  
  23  2:53  Drone  
  23  2:55  Drone  
  25  3:09  Drone x2  
  27  3:22  Drone x2  
  27  3:24  Queen  
  31  3:36  Drone x2  
  31  3:38  Zerg Missile Weapons Level 2  
  33  3:44  Glial Reconstitution  
  33  3:45  Extractor  
  32  3:52  Drone x4  
  32  3:55  Queen  
  38  3:59  Drone  
  38  4:00  Drone, Queen  
  42  4:11  Drone x2  
  44  4:20  Drone x2  
  46  4:29  Hatchery  
  45  4:31  Overlord  
  45  4:41  Overlord  
  45  4:42  Overlord x2  
  45  4:43  Overlord  
  45  4:47  Extractor  
  45  4:48  Drone, Extractor  
  45  4:49  Drone  
  45  4:54  Drone  
  46  5:15  Roach  
  46  5:16  Roach x8  
  64  5:24  Roach  
  66  5:37  Roach x2  
  66  5:38  Roach x3  
  76  5:47  Drone x3  
  76  5:48  Drone x2  
  81  5:52  Infestation Pit  
  81  5:55  Zerg Ground Armor Level 1  
  80  5:59  Roach x3  
  80  6:02  Drone  
  80  6:03  Drone  
  80  6:04  Drone  
  89  6:10  Drone x3  
  88  6:39  Drone x2  
  89  6:40  Drone x8  
  89  6:41  Drone x2, Hydralisk Den  
  89  6:43  Spore Crawler  
  89  6:44  Spore Crawler  
  89  6:47  Spore Crawler x2  
  88  6:48  Spore Crawler  
  88  6:51  Spore Crawler  
  83  6:54  Spore Crawler x2  
  83  6:58  Drone x4, Spore Crawler x2  
  83  7:01  Queen  
  79  7:10  Hive  
  79  7:13  Muscular Augments  
  79  7:17  Extractor  
  79  7:18  Extractor  
  79  7:20  Drone  
  79  7:21  Drone x6  
  84  7:35  Hatchery  
  83  7:39  Evolution Chamber  
  82  7:57  Overseer  
  82  8:05  Hydralisk x7  
  86  8:06  Hydralisk  
  98  8:46  Extractor  
  95  8:49  Extractor  
  95  8:52  Overlord x4  
  95  8:53  Overlord x6  
  94  8:56  Hatchery  
  93  9:03  Lurker Den  
  93  9:06  Zerg Ground Armor Level 2, Zerg Missile Weapons Level 3  
  93  9:21  Drone x4  
  93  9:22  Drone x7  
  93  9:23  Drone x3  
  107  9:39  Extractor  
  106  9:46  Extractor  
  106  9:47  Spore Crawler  
  106  9:48  Spore Crawler, Spine Crawler  
  102  9:54  Hydralisk x5  
  102  9:55  Hydralisk x2  
  116  10:01  Ultralisk Cavern  
  115  10:08  Evolution Chamber, Queen  
  115  10:10  Overlord x6  
  116  10:15  Drone x3  
  116  10:16  Drone x2  
  122  10:35  Lurker  
  122  10:36  Lurker x6  
  122  10:42  Roach x4  
  138  10:43  Roach  
  128  10:54  Hydralisk x3  
  128  10:55  Hydralisk x4  
  124  11:03  Hydralisk  
  124  11:04  Hydralisk x4  
  124  11:09  Zerg Melee Weapons Level 1  
  132  11:16  Spore Crawler  
  131  11:19  Spore Crawler x2  
  131  11:20  Spore Crawler x2  
  127  11:32  Hydralisk x3  
  111  11:33  Hydralisk x3  
  123  11:40  Chitinous Plating  
  123  11:56  Hydralisk x2  
  123  11:57  Hydralisk x6  
  123  12:15  Drone x3  
  117  12:16  Drone x7  
  125  12:28  Drone x2  
  125  12:29  Drone x7  
  135  12:30  Drone x5  
  139  12:40  Drone x3  
  139  12:41  Drone x4  
  146  12:47  Zerg Ground Armor Level 3  
  146  12:48  Metabolic Boost  
  145  12:57  Spine Crawler  
  145  12:58  Spine Crawler  
  143  13:00  Spine Crawler  
  138  13:11  Queen  
  140  13:14  Viper x4  
  140  13:15  Viper x2  
  140  13:16  Viper x2  
  136  13:38  Hydralisk x4  
  136  13:39  Hydralisk x6  
  145  13:49  Hydralisk x5  
  145  13:50  Hydralisk x2  
  145  13:54  Zerg Melee Weapons Level 2  
  159  14:00  Hydralisk x4  
  167  14:03  Hydralisk x3  
  171  14:15  Hydralisk x4  
  171  14:16  Hydralisk  
  152  14:31  Overseer x2  
  152  14:32  Overseer, Hydralisk x5  
  152  14:33  Hydralisk x3  
  168  14:51  Hydralisk x3  
  168  14:52  Hydralisk x6  
  184  15:12  Hatchery  
  156  15:25  Hydralisk x5  
  156  15:26  Hydralisk x6  
  174  15:35  Viper  
  174  15:36  Viper x2  
  174  15:37  Viper  
  186  16:05  Drone x4  
  186  16:06  Drone x3  
  193  16:22  Viper x2  
  199  16:44  Hatchery  
Tags
 
Add a new tag
Caveats
  • Supply blocks, unpowered buildings, or Contaminate may cause inaccurate times.
  • Supply counts are checked every 10 seconds.